Map: Lerilak Crest

Players

NoRegreT

  • Race: Zerg Zerg
  • League: Master

Petraeus - Winner!

  • Race: Zerg Zerg
  • League: Grandmaster

Event: Root's WW3

VOD

Have the link to the VOD?

Description

Time

  • Played on: Dec. 11, 2015, 8:48 a.m.
  • Length: 3:07

All games in this series

Show
View Real Time Build Order
Export as new Build Order

NoRegreT Zerg 

Build Orders: Pool Only 

Get SALT Encoding   

  12  0:02  Drone  
  13  0:08  Drone  
  14  0:16  Drone, Extractor  
  14  0:32  Spawning Pool  
  13  0:36  Drone  
  14  0:42  Extractor  
  14  0:43  Drone  
  15  0:50  Overlord  
  15  1:19  Zergling x6  
  15  1:20  Queen  
  15  1:24  Metabolic Boost  
  20  1:31  Zergling x2  
  21  1:43  Zergling x2  
  22  1:49  Baneling Nest  
  22  1:52  Zergling x2  
  22  2:03  Overlord  
  22  2:22  Zergling x2  
  23  2:24  Zergling x2  
  24  2:37  Zergling x4  
  24  2:38  Zergling x2  
  24  2:40  Baneling x3  
  24  2:42  Zergling x2  
Show
View Real Time Build Order
Export as new Build Order

Petraeus Zerg - Winner!

Build Orders: Hatch First 

Get SALT Encoding   

  12  0:01  Drone  
  13  0:13  Overlord  
  13  0:17  Drone  
  14  0:31  Drone x2  
  14  0:35  Drone  
  17  0:52  Hatchery  
  17  0:55  Drone  
  17  0:58  Drone  
  18  1:04  Extractor  
  17  1:15  Spawning Pool  
  17  1:18  Drone  
  17  1:21  Drone  
  18  1:30  Drone  
  19  1:47  Overlord  
  19  2:02  Baneling Nest, Queen  
  19  2:03  Zergling x4  
  19  2:05  Zergling x2  
  23  2:13  Zergling x2  
  24  2:16  Spine Crawler, Zergling x2  
  24  2:24  Zergling x2  
  24  2:26  Zergling x2  
  26  2:35  Zergling x2  
  28  2:45  Baneling  
  28  2:46  Baneling  
  28  2:47  Zergling x2, Baneling x2  
  29  2:52  Baneling  
Tags
 
Add a new tag
Caveats
  • Supply blocks, unpowered buildings, or Contaminate may cause inaccurate times.
  • Supply counts are checked every 10 seconds.